 Dungeon Crawl Stone Soup version 0.31-a0-175-g9f7f995f2b (webtiles) character file.

Game seed: 17667791192335153361

1449 jasper the Conjurer (level 8, -8/36 HPs)
             Began as a Spriggan Conjurer on June 16, 2023.
             Was a Follower of Vehumet.
             Killed by divine providence
             ... invoked by an orc priest
              (12 damage)
             ... on level 5 of the Dungeon.
             The game lasted 00:07:11 (6050 turns).

jasper the Conjurer (Spriggan Conjurer)             Turns: 6050, Time: 00:07:11

Health: -8/36      AC:  5    Str:  8    XL:     8   Next: 47%
Magic:  8/13       EV: 16    Int: 21    God:    Vehumet [*.....]
Gold:   186        SH:  8    Dex: 14    Spells: 2/13 levels left

rFire   . . .        w - +4 rapier of Dishonour {speed, Str+5}
rCold   . . .        k - +3 warlock's mirror {omnireflect}
rNeg    . . .        u - +2 robe {Will+}
rPois   .            o - +1 hat
rElec   .            (no cloak)
rCorr   .            (gloves unavailable)
SInv    +            (boots unavailable)
Will    ++...        (no amulet)
Stlth   ++           (no ring)
HPRegen 0.26/turn    (no ring)
MPRegen 0.13/turn

%: reflection
@: very slightly contaminated, very quick
A: very small, no large weapons, unfitting armour, see invisible, speed 3
a: Renounce Religion


You were on level 5 of the Dungeon.
You worshipped Vehumet.
Vehumet was aware of your devotion.
You visited 1 branch of the dungeon, and saw 5 of its levels.

You collected 298 gold pieces.
You spent 112 gold pieces at shops.

Inventory:

Hand Weapons
 j - a +4 dagger
 m - a +1 heavy spear
 w - the +4 rapier of Dishonour (weapon) {speed, Str+5}
   (You took it off an orc wizard on level 5 of the Dungeon)

   Str:       It affects your strength (+5).
Missiles
 c - 5 atropa-tipped darts
Armour
 a - a +0 robe
 k - the +3 warlock's mirror (worn) {omnireflect}
   (You acquired it on level 3 of the Dungeon)

   Omnireflect: It can block and reflect piercing ranged attacks and magical
   attacks against the wielder's willpower.
 o - a +1 hat (worn)
 u - a +2 robe of willpower (worn)
Jewellery
 g - a ring of flight
 r - a ring of protection from fire
Wands
 l - a wand of iceblast (6)
Scrolls
 f - 3 scrolls of enchant weapon
 n - a scroll of vulnerability {unknown}
 p - a scroll of teleportation
 s - a scroll of amnesia {unknown}
Potions
 b - 3 potions of ambrosia {unknown}
 d - a potion of might
 e - 2 potions of mutation
 h - a potion of brilliance {unknown}
 i - 5 potions of curing {unknown}
 q - a potion of resistance {unknown}
 t - a potion of haste {unknown}
 v - a potion of degeneration {unknown}


   Skills:
 - Level 2.6 Dodging
 - Level 3.0 Stealth
 - Level 4.1 Shields
 - Level 3.0 Spellcasting
 - Level 7.0 Conjurations
 + Level 4.3 Translocations


You had 2 spell levels left.
You knew the following spells:

 Your Spells              Type           Power      Damage    Failure   Level
a - Magic Dart            Conj           100%       1d8       1%          1
b - Searing Ray           Conj           64%        2d6       1%          2
c - Fulminant Prism       Conj/Hex       8%         3d7       43%         4
d - Iskenderun's Mystic   Conj/Tloc      26%        2d7       21%         4

Your spell library contained the following spells:

 Spells                   Type           Power      Damage    Failure   Level
 Freeze                   Ice            12%        1d3       21%         1
 Sandblast                Erth           6%         2d5       21%         1
 Passwall                 Tmut/Erth      2%         N/A       30%         2
 Dazzling Flash           Conj/Hex       34%        N/A       14%         3
 Stone Arrow              Conj/Erth      34%        3d9       14%         3
 Portal Projectile        Hex/Tloc       24%        N/A       26%         3
 Vhi's Electric Charge    Tloc/Air       24%        N/A       26%         3
 Ozocubu's Armour         Ice            3%         N/A       52%         3
 Tukima's Dance           Hex            3%         N/A       52%         3
 Arcjolt                  Conj/Air       8%         1d18      78%         5
 Animate Armour           Summ/Erth      6%         N/A       89%         4
 Animate Dead             Necr           3%         N/A       89%         4
 Blade Hands              Tmut           1%         N/A       99%         5
 Borgnjor's Vile Clutch   Necr/Erth      1%         N/A       99%         5
 Death Channel            Necr           1%         N/A       100%        6
 Plasma Beam              Fire/Air       1%         2x1d11    100%        6
 Ozocubu's Refrigeration  Ice            1%         4d7       100%        7
 Lehudib's Crystal Spear  Conj/Erth      8%         10d4      100%        8


Dungeon Overview and Level Annotations

Branches:
Dungeon (5/15)
 Temple: D:4-7

Altars:
Cheibriados
Elyvilon
Fedhas
Gozag
Kikubaaqudgha
Ru
Sif Muna
Vehumet
Xom
Yredelemnul
Zin
The Shining One

Shops:
D:2 [=:

Annotations:
D:3 3 runed translucent doors, pokeman's ghost, amateur DEHW
D:5 Moral's ghost, amateur VSTm


Innate Abilities, Weirdness & Mutations

You are very small and have problems with some larger weapons.
You are too small for most types of armour.
You have supernaturally acute eyesight. (SInv)
You cover ground extremely quickly. (Speed+++)


Message History

Vehumet accepts your kill.
The blast of energy engulfs the orc priest!
The orc priest is almost dead.
The blast of energy engulfs the orc!!
You kill the orc!
Vehumet accepts your kill.
The blast of energy engulfs the orc!
You kill the orc!
Vehumet accepts your kill. The orc hits you but does no damage.
You block the orc priest's attack. You block the orc priest's attack.
Moral's ghost hits you.
You take 2 damage, and have 34/36 hp.
The orc priest calls down the wrath of Beogh upon you.
Beogh smites you!
You take 13 damage, and have 22/36 hp.
MASSIVE DAMAGE!!
The orc priest calls down the wrath of Beogh upon you.
Beogh smites you!
You take 8 damage, and have 14/36 hp.
MASSIVE DAMAGE!!
Casting: Fulminant Prism (extremely dangerous; 43% risk of failure)
Confirm with . or Enter, or press ? or * to list all spells.
The spell is extremely dangerous to miscast (43% risk of failure)!
Continue anyway?
Aiming: Fulminant Prism (extremely dangerous; 43% risk of failure)
Press: ? - help, Dir - move target You miscast Fulminant Prism.
You are very lightly contaminated with residual magic.
You are caught in a violent explosion!
* * * LOW HITPOINT WARNING * * *
Moral's ghost keens inconsolably.
You take 13 damage, and have 1/36 hp.
MASSIVE DAMAGE!!
You now have 6/13 mp.
You see here a +0 morningstar of protection.
Okay, then.
As you read the scroll of teleportation, it crumbles to dust.
You feel strangely unstable.
You start resting.
Your surroundings suddenly seem different.
You block the orc priest's attack. The orc priest completely misses you.
The orc priest invokes the aid of Beogh against you.
Beogh smites you!
You die...

#.. #.# #########
######## #)#
#.......###......# #)#
#...........####.# #.#
#.##.##.##..####.#####[#
#.##.....#..##..........
#.##..#........#)#####)#
#.##...@....####.#####.#
#.).o...###......##.....
####Woo...........#.##.#
#oo####........#.##.#
#..# #........#.##..
#o8########..........
###..#!....8#....#.##.#
#....#..##..#..<.#.....
#.#..#..#8..#....#####.


You could see an orc warrior, 2 orc priests, Moral's ghost and 3 orcs.

Vanquished Creatures
  Pikel (D:5)
  Prince Ribbit (D:5)
  A steam dragon (D:3)
  4 lemures (D:5)
  A bullfrog (D:4)
  A gnoll sergeant (D:4)
  3 killer bees (D:5)
  2 hounds
  A gnoll bouda (D:4)
  A sleepcap (D:5)
  An iguana (D:5)
  An orc wizard (D:5)
  17 gnolls
  4 adders
  An ufetubus (D:5)
  2 dart slugs
  7 orcs (D:5)
  7 endoplasms
  4 giant cockroaches
  4 goblins
  4 hobgoblins
  3 ball pythons
  5 bats
  A kobold (D:4)
  7 rats
84 creatures vanquished.

Vanquished Creatures (others)
  A fulminant prism (D:5)
1 creature vanquished.

Grand Total: 85 creatures vanquished

Notes
Turn   | Place    | Note
-------+----------+-------------------------------------------
     0 | D:1      | jasper the Spriggan Conjurer began the quest for the Orb.
     0 | D:1      | Reached XP level 1. HP: 9/9 MP: 5/5
    53 | D:1      | Reached skill level 3 in Conjurations
   381 | D:1      | Reached XP level 2. HP: 13/13 MP: 2/7
   388 | D:1      | Learned a level 2 spell: Searing Ray
   938 | D:2      | Found Emeddu Osergh's Antique Armour Shoppe.
   954 | D:2      | Found Efist's Jewellery Boutique.
  1108 | D:2      | Found a radiant altar of Vehumet.
  1120 | D:2      | Became a worshipper of Vehumet
  1174 | D:2      | Reached XP level 3. HP: 16/16 MP: 3/8
  1448 | D:2      | Found Ymuo's Book Shoppe.
  1880 | D:3      | Reached skill level 4 in Conjurations
  1998 | D:3      | Reached XP level 4. HP: 21/21 MP: 4/9
  2102 | D:3      | Noticed a steam dragon
  2109 | D:3      | Killed a steam dragon
  2110 | D:3      | Reached skill level 5 in Conjurations
  2110 | D:3      | Reached XP level 5. HP: 24/24 MP: 0/10
  2115 | D:3      | Learned a level 4 spell: Fulminant Prism
  2368 | D:3      | Found an ancient bone altar of Kikubaaqudgha.
  2371 | D:3      | Found a white marble altar of Elyvilon.
  2468 | D:3      | Found a shimmering blue altar of Sif Muna.
  2469 | D:3      | Found a glowing golden altar of the Shining One.
  2469 | D:3      | Found a shimmering altar of Xom.
  2469 | D:3      | Found a snail-covered altar of Cheibriados.
  2469 | D:3      | Found a sacrificial altar of Ru.
  2472 | D:3      | Found an opulent altar of Gozag.
  2473 | D:3      | Found a blossoming altar of Fedhas.
  2474 | D:3      | Found a basalt altar of Yredelemnul.
  2614 | D:3      | Found a runed translucent gate.
  2615 | D:3      | Found a runed translucent gate.
  2623 | D:3      | Found a runed translucent gate.
  2623 | D:3      | Noticed pokeman's ghost (amateur DEHW)
  2880 | D:3      | Identified a scroll of acquirement
  2880 | D:3      | Acquired the +3 warlock's mirror {omnireflect}
  2880 | D:3      | Found the +3 warlock's mirror {omnireflect}
  2943 | D:3      | Found a glowing silver altar of Zin.
  3457 | D:4      | Reached XP level 6. HP: 28/28 MP: 9/11
  3462 | D:4      | Learned a level 4 spell: Iskenderun's Mystic Blast
  3802 | D:4      | HP: 1/28 [gnoll sergeant/+0 spear (14)]
  3824 | D:4      | Reached * piety under Vehumet
  3824 | D:4      | Offered knowledge of Freeze by Vehumet.
  3825 | D:4      | Reached skill level 6 in Conjurations
  4351 | D:2      | Bought a runed hat for 112 gold pieces
  4494 | D:4      | Reached XP level 7. HP: 25/32 MP: 1/12
  4757 | D:5      | Entered Level 5 of the Dungeon
  5318 | D:5      | Noticed Prince Ribbit
  5331 | D:5      | Killed Prince Ribbit
  5332 | D:5      | Reached skill level 7 in Conjurations
  5392 | D:5      | Reached skill level 1 in Shields
  5512 | D:5      | Noticed Pikel
  5546 | D:5      | Killed Pikel
  5547 | D:5      | Reached XP level 8. HP: 27/36 MP: 0/13
  5671 | D:5      | Identified the +4 rapier of Dishonour {speed, Str+5}
  5787 | D:5      | Found a runed translucent gate.
  5788 | D:5      | Found a runed translucent gate.
  5788 | D:5      | Noticed Moral's ghost (amateur VSTm)
  5789 | D:5      | Found a runed translucent gate.
  5789 | D:5      | Identified the +0 ring mail "Heytimn" {Str+2}
  5792 | D:5      | Identified the +0 chain mail of Compassion {rC+ Dex+9}
  6036 | D:5      | HP: 1/36 [something (13)]
  6050 | D:5      | Killed from afar by an orc priest

Illustrated notes

Levels and vault maps discovered:
D:1:      amcnicky_arrival_gap_in_the_tavern_cellar, layout_rooms
D:2:      layout_loops_ring, basic_altar, serial_shops, shop, shop, shop
D:3:      layout_loops_corners, minitemple, zin_statuary,
          gammafunk_ghost_nasty_kobolds, kennysheep_big_empty_room,
          minmay_misc_feat_iff
D:4:      layout_loops_ring
D:5:      layout_loops_cross, biasface_ghost_orc_armoury, uniq_pikel,
          uniq_prince_ribbit1

Skill      XL: |  1  2  3  4  5  6  7  8 |
---------------+-------------------------+-----
Conjurations   | 3 4 5 6 7 |  7.0
Spellcasting   | 3 |  3.0
Translocations | 3 4 |  4.3
Shields        | 4 |  4.1
Dodging        | |  2.6
Stealth        | |  3.0

Action                     |  1- 3 |  4- 6 |  7- 9 || total
---------------------------+-------+-------+-------++-------
  Melee: Dagger            |     6 |     5 |       ||    11
         Spear             |       |    12 |    19 ||    31
         Rapier            |       |       |     2 ||     2
   Cast: Magic Dart        |    66 |    60 |    33 ||   159
         Searing Ray       |     4 |    19 |    16 ||    39
         Fulminant Prism   |       |       |     1 ||     1
  Evoke: Wand              |       |     2 |       ||     2
    Use: Scroll            |     5 |     1 |     1 ||     7
         Potion            |       |       |     2 ||     2
 Armour: Robe              |       |     3 |     8 ||    11
  Dodge: Dodged            |    10 |    32 |    54 ||    96
  Block: Buckler           |       |     9 |    25 ||    34
         Reflection        |       |       |     1 ||     1

Table legend: (Time is in decaauts)
 A = Elapsed time spent in this place.
 B = Non-inter-level travel time spent in this place.
 C = Inter-level travel time spent in this place.
 D = Time resting spent in this place.
 E = Time spent auto-exploring this place.
 F = Levels seen in this place.
 G = Mean time per level.
                   A        B        C        D        E       F      G
               +--------+--------+--------+--------+--------+-----+--------+
         Total |   4721 |   4562 |    159 |    172 |   3727 |   5 |  944.2 |
       Dungeon |   4721 |   4562 |    159 |    172 |   3727 |   5 |  944.2 |
               +--------+--------+--------+--------+--------+-----+--------+

Top non-repeatable levels by time:
     D:3: 1463 daAuts
     D:4: 1040 daAuts
     D:5: 1032 daAuts
     D:1: 684 daAuts
     D:2: 500 daAuts
